 Dungeon Crawl Stone Soup version 0.21-a0-184-g9126a74 (webtiles) character file.

290302 4thArraOfDagon the Bludgeoner (level 19, -2/170 HPs)
             Began as a Demigod Gladiator on Aug 11, 2017.
             Slain by a vault guard
             ... wielding a +1 bardiche of flaming
              (3 damage)
             ... on level 5 of the Vaults.
             The game lasted 02:00:39 (30936 turns).

4thArraOfDagon the Bludgeoner (Demigod Gladiator)  Turns: 30936, Time: 02:00:40

Health: -2/170     AC: 11    Str: 27      XL:     19   Next: 17%
Magic:  38/38      EV: 21    Int: 26 (28) God:
Gold:   1185       SH:  0    Dex: 16 (17) Spells: 15/38 levels left

rFire    + + .     SeeInvis .   h - +8 great mace (crush)
rCold    + . .     Gourm    .   (shield currently unavailable)
rNeg     + . .     Faith    .   a - +1 robe of Eckoac {Int+3}
rPois    .         Spirit   .   u - +2 hat {MR+}
rElec    +         Reflect  .   V - scarf {rC+ rF+}
rCorr    .         Harm     .   A - +2 pair of gloves {Str+3}
MR       ++...                  (no boots)
Stlth    +.........             j - amulet of regeneration
HPRegen  0.78/turn              N - ring of Xom's Whim {*Drain rF+ rN+ Str+5 Int+3}
MPRegen  0.26/turn              H - +2 ring of slaying

@: no status effects
A: horns 1, thin metallic scales 1, deterioration 2, high mp 1, mutation
resistance 1, shaggy fur 1, electricity resistance, wild magic 1, sturdy frame 2
}: 2/15 runes: decaying, gossamer
a: no special abilities


You were on level 5 of the Vaults.
You were full.

You visited 7 branches of the dungeon, and saw 39 of its levels.
You also visited: Bailey.

You collected 4747 gold pieces.
You spent 3562 gold pieces at shops.

Inventory:

Hand Weapons
 h - a +8 great mace of crushing (weapon)
Armour
 a - the +1 robe of Eckoac (worn) {Int+3}
   (You found it on level 4 of the Vaults)

   It affects your intelligence (+3).
 c - a +2 cloak of magic resistance
 u - a +2 hat of magic resistance (worn)
 A - a +2 pair of gloves of strength (worn)
 V - a scarf of resistance (worn)
Jewellery
 e - an uncursed ring of protection from fire
 j - an amulet of regeneration (around neck)
 l - the ring "Reoredikh" {rF+ Str-5 Int+4}
   (You found it in a bailey)

   [ring of protection from fire]

   It affects your strength (-5).
   It affects your intelligence (+4).
   It protects you from fire.
 G - an uncursed ring of positive energy
 H - a +2 ring of slaying (right hand)
 J - an uncursed ring of poison resistance
 N - the ring of Xom's Whim (left hand) {*Drain rF+ rN+ Str+5 Int+3}
   (You found it on level 1 of the Lair of Beasts)

   [ring of protection from fire]

   It affects your strength (+5).
   It affects your intelligence (+3).
   It protects you from fire.
   It protects you from negative energy.
   It causes draining when unequipped.
 S - the amulet of Optimism {+Rage rPois rF+++ Str-5 Dex+2}
   (You acquired it on level 2 of the Vaults)

   [amulet of rage]

   It affects your strength (-5).
   It affects your dexterity (+2).
   It renders you almost immune to fire.
   It protects you from poison.
   It lets you go berserk.
 X - an uncursed ring of flight
 Z - an uncursed ring of see invisible
Wands
 k - a wand of clouds (0/9)
 m - a wand of acid (8/15)
 B - a wand of digging (6/24)
 E - a wand of iceblast (9/15)
 O - a wand of acid (8/15)
 Y - a wand of scattershot (2/9)
Scrolls
 b - 3 scrolls of enchant armour
 d - 4 scrolls of fog
 s - 10 scrolls of remove curse
 x - a scroll of blinking
 z - 5 scrolls of teleportation
 D - 4 scrolls of recharging
 M - 2 scrolls of vulnerability
 P - a scroll of magic mapping
Potions
 g - 2 potions of ambrosia
 i - 3 potions of curing
 n - 3 potions of brilliance
 o - 2 potions of resistance
 p - 4 potions of cancellation
 q - 3 potions of mutation
 t - 7 potions of flight
 v - 3 potions of heal wounds
 w - 2 potions of berserk rage
 C - 2 potions of haste
 K - 4 potions of lignification
 R - 4 potions of might
 U - a potion of magic
Miscellaneous
 r - a sack of spiders
 y - a lightning rod (4/4)
 I - a phial of floods
 T - a box of beasts
 W - a fan of gales
Comestibles
 f - 12 bread rations
 F - 8 meat rations
 L - 18 royal jellies


   Skills:
 - Level 15.0 Fighting
 - Level 20.0 Maces & Flails
   Level 3.1(13.8) Staves
 - Level 1.7 Throwing
 - Level 7.0 Armour
 - Level 12.1 Dodging
 + Level 10.2 Spellcasting
 * Level 9.0 Transmutations
 * Level 8.6 Earth Magic
 - Level 6.0 Evocations


You had 15 spell levels left.
You knew the following spells:

 Your Spells              Type           Power        Failure   Level  Hunger
a - Blink                 Tloc           N/A          11%         2    None
b - Passwall              Tmut/Erth      ######....   1%          2    None
c - Lee's Rapid Deconstr  Erth           ######....   6%          5    ####...
d - Song of Slaying       Chrm           ###.....     11%         2    None
e - Regeneration          Chrm/Necr      ###.......   21%         3    None
f - Spectral Weapon       Hex/Chrm       ###.....     21%         3    None
g - Statue Form           Tmut/Erth      ######...    26%         6    #####..


Dungeon Overview and Level Annotations

Branches:
Dungeon (15/15)            Temple (0/1) D:5            Lair (6/6) D:9
  Swamp (4/4) Lair:2       Spider (4/4) Lair:4        Slime (0/5) Lair:6
    Orc (2/2) D:10            Elf (3/3) Orc:2        Vaults (5/5) D:13
  Crypt: Vaults:2-3  Depths: D:15

Shops:
D:4 }*[:   D:9 *   D:10 !   D:15 %   Orc:2 }[??   Elf:3 ?   Vaults:1 :

Annotations:
D:9 1 exclusion
Swamp:2 Aizul


Innate Abilities, Weirdness & Mutations

You have an increased reservoir of magic. (+10% MP)
You have a pair of small horns on your head.
You are partially covered in thin metallic scales. (AC +2)
Your body often deteriorates upon taking damage.
You are somewhat resistant to further mutation.
You are covered in fur. (AC +1)
You are resistant to electric shocks. (rElec)
Your spells are a little harder to cast, but a little more powerful.
Your movements are less encumbered by armour. (ER -4)


Message History

Unknown command.
The vault guard barely misses you.
The vault guard hits you with a war axe!!
Your body deteriorates!
You feel dopey.
The ogre mage points at the two-headed ogre and mumbles some strange words.
The two-headed ogre seems to speed up.
The vault guard closely misses you.
The vault guard hits you with a halberd!
* * * LOW HITPOINT WARNING * * *
The vault guard hits you with an enchanted broad axe!
* * * LOW HITPOINT WARNING * * *
The vault guard hits you with a dire flail of crushing.
* * * LOW HITPOINT WARNING * * *
x2 The vault guard hits you with a great mace.
* * * LOW HITPOINT WARNING * * *
The vault guard misses you.
The vault guard hits you from afar with a bardiche of flaming!!
* * * LOW HITPOINT WARNING * * *
Your body deteriorates!
You feel clumsy. The vault guard burns you.
You die...

*,,*,,*,,,,,*,,*,,,,*,,*,,,,,,,,,
*,,*,,*,,,,,#.C#....#,.#*********
*,,*,,*,,**##..#(...#...,,,,,,,,,
*,,,,,*,,,,,...#....#.O.,,,,,,,,,
*,,,,,*,,,,,,.D.......O.,,,,,,,,,
*********#####........##*********
,,,,,,,,,.......p.p.....,,,,,,,,,
,,,,,,,,,......pppp.....,,,,,,,,,
,,,,,,,,,......p@ppp....,,,,,,,,,
,,,,,,,,,.....ppppp.....,,,,,,,,,
*********#####pppp....##*********
,,,,,,,,,,,,.Q.Hp.......,**,,,,,,
*,*,*,,*,*,#T..#....#...,,,,,,,,,
,,,,,,,,,,.....#..[.#,..,,,,*****
,*,*,,,,,#W#...#....#,,.,,,**,,,,
,,,,,,,,,p.....#....#,,,,,**,,,,,
,,*,,,,,,,,*,,,*,,,,**,,,,*,,,***


You could see a titan, a quicksilver dragon, a sphinx, a vault warden
(wandering), a tengu reaver, 20 vault guards, a two-headed ogre, an ogre mage, a
deep troll and a phantasmal warrior.

Vanquished Creatures
  Mennas (Vaults:4)
  the Lernaean hydra (Swamp:4)
  Jorgrun (Vaults:2)
  2 deep elf master archers (Elf:3)
  2 deep elf blademasters (Elf:3)
  Frances (D:13)
  A thorn hunter (Swamp:1)
  Gastronok (D:12)
  A shadow dragon (Vaults:3)
  Kirke (Spider:1)
  2 fire giants
  6 vault wardens
  7 deep elf sorcerers
  4 ghost moths (Spider:4)
  8 emperor scorpions
  3 frost giants (Vaults:4)
  8 ironheart preservers
  2 very ugly things (Vaults:3)
  A deep elf elementalist (Elf:3)
  3 stone giants
  4 entropy weavers
  13 deep elf annihilators
  A deep elf demonologist (Elf:3)
  A crystal guardian (Vaults:4)
  3 spark wasps
  3 ettins
  6 deep elf death magi
  A fire dragon (Vaults:3)
  A deep elf high priest (Elf:3)
  A great orb of eyes (Vaults:4)
  9 vault guards
  A yaktaur captain (Vaults:1)
  2 rakshasas
  24 hydras
  An ice dragon (Vaults:1)
  4 centaur warriors
  3 death knights
  8 ogre magi
  3 death yaks
  19 two-headed ogres
  An alligator (Swamp:4)
  8 dancing weapons
  A large abomination (Elf:3)
  8 deep elf knights
  2 shadow wraiths (Vaults:4)
  4 unseen horrors
  A flayed ghost (Vaults:1)
  9 deep elf archers
  13 ironbrand convokers
  7 swamp dragons
  A harpy (Vaults:4)
  A lindwurm (Lair:3)
  18 ugly things
  2 necromancers
  16 orb spiders
  2 wolf spider zombies
  4 orc knights
  A sphinx zombie (Vaults:3)
  11 orc sorcerers
  21 wolf spiders
  30 deep elf magi
  3 elephants (Lair:5)
  5 cyclopes
  A manticore (D:14)
  A moth of wrath (Spider:1)
  A moth of wrath (shapeshifter) (Vaults:4)
  Maurice (D:8)
  11 vault sentinels
  26 spiny frogs
  2 black mambas
  Psyche (D:8)
  2 human skeletons (Vaults:1)
  3 torpor snails
  2 gargoyles
  2 kobold demonologists
  3 rime drakes (Lair:6)
  3 komodo dragons
  27 yaktaurs
  3 freezing wraiths
  11 demonic crawlers
  3 yaktaur zombies (Vaults:3)
  An efreet (D:13)
  23 jumping spiders
  A queen bee (shapeshifter) (Vaults:4)
  A queen bee (Lair:1)
  A small abomination (Elf:3)
  11 hornets
  9 trolls
  8 tyrant leeches
  9 hippogriffs
  30 blink frogs
  5 dream sheep (Lair:5)
  2 bog bodies (Swamp:1)
  A hippogriff (shapeshifter) (Vaults:3)
  14 slime creatures
  25 tarantellas
  Sigmund (D:3)
  A redback (shapeshifter) (Vaults:3)
  A vampire (D:10)
  42 redbacks
  4 spriggans
  A wraith (Vaults:1)
  3 wyverns
  2 centaur simulacra
  47 yaks
  6 hogs (Spider:1)
  A basilisk (D:13)
  A hungry ghost (D:11)
  The ghost of Goblin1989 the Ruffian, an amateur CeTm (D:4)
  A steam dragon (D:13)
  Grum (D:8)
  25 vampire mosquitoes
  11 wargs
  Edmund (D:4)
  14 swamp worms
  A soldier ant (D:11)
  5 acid dragons
  13 water moccasins
  14 porcupines
  15 swamp drakes
  A human zombie (Vaults:1)
  A hornet zombie (D:10)
  27 orc warriors
  An eye of draining (D:9)
  An ice beast (D:9)
  A black bear (D:10)
  4 sky beasts
  2 phantoms
  5 wolves
  17 ogres
  5 boggarts (Vaults:1)
  12 centaurs
  17 crocodiles
  A big kobold (shapeshifter) (Vaults:4)
  A big kobold (D:10)
  31 bullfrogs
  A gnoll sergeant (D:9)
  2 earth elementals
  3 wyvern zombies
  An elf simulacrum (Vaults:1)
  5 scorpions
  A wyvern skeleton (D:13)
  33 killer bees
  10 wights
  7 howler monkeys
  5 electric eels
  10 jellies
  3 centaur zombies
  8 crimson imps
  A quasit (D:10)
  3 bullfrog zombies
  4 hounds
  17 orc priests
  5 centaur skeletons
  4 bullfrog skeletons
  Jessica (D:3)
  3 iguanas
  44 orc wizards
  16 worker ants
  2 hound zombies
  A hound skeleton (D:10)
  A worker ant zombie (D:5)
  6 adders
  3 gnolls (D:9)
  A howler monkey skeleton (D:8)
  A shadow imp (D:11)
  7 oozes
  An adder skeleton (D:4)
  An adder zombie (D:9)
  A worm (D:5)
  A dart slug (D:4)
  3 leopard geckos
  113 orcs
  4 giant cockroaches
  3 goblins
  3 hobgoblins
  20 jackals
  2 quokkas (D:6)
  4 bats
  4 frilled lizards
  4 kobolds
  A leopard gecko skeleton (D:5)
  A quokka zombie (D:4)
  5 rats
  2 fungi
  A plant (Lair:2)
1299 creatures vanquished.

Vanquished Creatures (others)
  An unseen horror (D:12)
  A redback (Spider:2)
  A swamp drake (Swamp:2)
  11 fungi
  17 plants
31 creatures vanquished.

Grand Total: 1330 creatures vanquished

Notes
Turn   | Place    | Note
-------+----------+-------------------------------------------
     0 | D:1      | 4thArraOfDagon the Demigod Gladiator began the quest for the Orb.
     0 | D:1      | Reached XP level 1. HP: 17/17 MP: 3/3
   120 | D:2      | Reached XP level 2. HP: 24/24 MP: 4/4
   177 | D:2      | Reached XP level 3. HP: 29/30 MP: 5/5
   224 | D:3      | Found an ornate altar of the Wu Jian Council.
   230 | D:3      | Noticed Jessica
   234 | D:3      | Killed Jessica
   238 | D:3      | Reached XP level 4. HP: 37/37 MP: 6/6
   324 | D:4      | Found Asuyz's Antique Armour Emporium.
   342 | D:4      | Noticed Goblin1989's ghost (amateur CeTm)
   358 | D:4      | Found Mawi's Book Shop.
   526 | D:4      | Noticed a centaur
   541 | D:4      | Killed a centaur
   541 | D:4      | Reached XP level 5. HP: 12/45 MP: 7/7
   969 | D:4      | Noticed Edmund
  1155 | D:4      | Found Alui's Assorted Antiques.
  1160 | D:4      | Bought a scroll labeled MUYSAF DOTAGH for 23 gold pieces
  1160 | D:4      | Bought 2 murky sapphire potions for 41 gold pieces
  1160 | D:4      | Bought a murky sapphire potion for 20 gold pieces
  1160 | D:4      | Bought a lumpy grey potion for 20 gold pieces
  1210 | D:3      | Noticed Sigmund
  1230 | D:3      | Killed Sigmund
  1230 | D:3      | Reached XP level 6. HP: 45/53 MP: 8/8
  1249 | D:3      | Reached skill level 5 in Dodging
  1405 | D:4      | Found Medogiz's Gadget Emporium.
  1437 | D:5      | Entered Level 5 of the Dungeon
  1440 | D:5      | Found a radiant altar of Vehumet.
  1555 | D:5      | Found a staircase to the Ecumenical Temple.
  1583 | D:5      | Reached skill level 5 in Fighting
  2017 | D:6      | Reached XP level 7. HP: 52/62 MP: 9/9
  2966 | D:6      | Found an opulent altar of Gozag.
  3022 | D:8      | Noticed Grum
  3099 | D:7      | Reached skill level 1 in Armour
  3099 | D:7      | Reached XP level 8. HP: 34/74 MP: 10/10
  3566 | D:9      | Found Hiuvawat's Assorted Antiques.
  3577 | D:9      | Bought a scroll labeled QEANTEMM SAST for 29 gold pieces
  3577 | D:9      | Bought a scroll labeled JUIG OSKIUGHYIRE for 29 gold pieces
  3577 | D:9      | Bought a scroll labeled WIETRYNURU for 29 gold pieces
  3577 | D:9      | Bought a lumpy grey potion for 26 gold pieces
  3577 | D:9      | Bought a scroll labeled WIETRYNURU for 29 gold pieces
  3619 | D:10     | Entered Level 10 of the Dungeon
  3659 | D:10     | Reached skill level 1 in Evocations
  4171 | D:10     | Found a staircase to the Orcish Mines.
  4216 | D:10     | Noticed a two-headed ogre
  4390 | D:9      | Found an ancient bone altar of Kikubaaqudgha.
  4395 | D:9      | Got a sparkling tin amulet
  4397 | D:9      | Identified the amulet "Bisefoih" {Faith *Drain +Blink rPois rN+ Stlth-} (You found it on level 9 of the Dungeon)
  4689 | D:9      | Bought a purple potion for 26 gold pieces
  4749 | D:8      | Killed an unseen horror
  4749 | D:8      | Reached skill level 5 in Armour
  4749 | D:8      | Reached XP level 9. HP: 49/81 MP: 15/15
  4771 | D:8      | Reached skill level 5 in Evocations
  4776 | D:8      | Gained mutation: You are covered in fur. (AC +1) [mutagenic meat]
  4777 | D:8      | Gained mutation: Your spells are a little easier to cast, but a little less powerful. [mutagenic meat]
  4778 | D:8      | Gained mutation: Your natural rate of healing is unusually fast. [mutagenic meat]
  4779 | D:8      | Gained mutation: Your movements are slightly less encumbered by armour. (ER -2) [mutagenic meat]
  4780 | D:8      | Gained mutation: Your body sometimes deteriorates upon taking damage. [mutagenic meat]
  4781 | D:8      | Gained mutation: You tend to lose your temper in combat. [mutagenic meat]
  4937 | D:8      | Noticed a two-headed ogre
  5899 | D:8      | Killed a two-headed ogre
  5899 | D:8      | Reached skill level 3 in Maces & Flails
  5937 | D:8      | Reached skill level 4 in Maces & Flails
  5963 | D:8      | Noticed Psyche
  5975 | D:8      | Killed Grum
  5976 | D:8      | Killed Psyche
  5976 | D:8      | Reached skill level 5 in Maces & Flails
  5976 | D:8      | Reached XP level 10. HP: 82/88 MP: 17/17
  5977 | D:8      | Noticed Maurice
  5990 | D:8      | Killed Maurice
  6023 | D:8      | Reached skill level 6 in Maces & Flails
  6405 | D:9      | Reached skill level 7 in Maces & Flails
  6452 | D:9      | Reached skill level 8 in Maces & Flails
  6933 | D:9      | Noticed a two-headed ogre
  6946 | D:9      | Killed a two-headed ogre
  6946 | D:9      | Reached skill level 9 in Maces & Flails
  6998 | D:10     | Killed a two-headed ogre
  7061 | D:10     | Killed an unseen horror
  7061 | D:10     | Reached skill level 10 in Maces & Flails
  7061 | D:10     | Reached XP level 11. HP: 60/94 MP: 19/19
  7422 | D:10     | Found Siekk's Distillery.
  7427 | D:10     | Bought a potion of curing for 42 gold pieces
  7427 | D:10     | Bought a potion of degeneration for 14 gold pieces
  7467 | D:10     | Gained mutation: You are resistant to electric shocks. (rElec) [mutagenic meat]
  7468 | D:10     | Gained mutation: Your system is resistant to poisons. (rPois) [mutagenic meat]
  7670 | D:10     | Reached skill level 11 in Maces & Flails
  7871 | D:11     | Noticed a two-headed ogre
  7885 | D:11     | Killed a two-headed ogre
  8105 | D:11     | Killed an unseen horror
  8136 | D:11     | Reached skill level 12 in Maces & Flails
  8306 | D:11     | Found a shimmering altar of Xom.
  8386 | D:11     | Killed an unseen horror
  8917 | D:12     | Noticed Gastronok
  8948 | D:13     | Reached skill level 13 in Maces & Flails
  9279 | D:13     | Noticed Frances
  9316 | D:14     | Reached XP level 12. HP: 58/101 MP: 20/20
  9461 | D:13     | Lost mutation: You tend to lose your temper in combat. [mutagenic meat]
  9462 | D:13     | Gained mutation: You are clumsy. (Dex -2) [mutagenic meat]
  9463 | D:13     | Gained mutation: You are frail. (-10% HP) [mutagenic meat]
  9483 | D:15     | Entered Level 15 of the Dungeon
  9682 | D:14     | Reached skill level 14 in Maces & Flails
 10005 | D:14     | Noticed a centaur warrior
 10025 | D:14     | Killed a centaur warrior
 10081 | D:14     | Lost mutation: Your spells are a little easier to cast, but a little less powerful. [mutagenic meat]
 10082 | D:14     | Gained mutation: Your spells are a little harder to cast, but a little more powerful. [mutagenic meat]
 10084 | D:14     | Gained mutation: Your movements are less encumbered by armour. (ER -4) [mutagenic meat]
 10134 | D:14     | Noticed a rakshasa
 10351 | D:15     | Found a sacrificial altar of Ru.
 10461 | D:15     | Reached skill level 15 in Maces & Flails
 10472 | D:15     | Found Keatik's Food Boutique.
 10710 | D:13     | Found a gate to the Vaults.
 10710 | D:13     | Noticed a vault guard
 10710 | D:13     | Noticed a vault guard
 10710 | D:13     | Noticed a vault guard
 10710 | D:13     | Noticed a vault guard
 10710 | D:13     | Noticed a vault guard
 10711 | D:13     | Noticed a vault guard
 10711 | D:13     | Noticed a vault guard
 10711 | D:13     | Noticed a vault guard
 10732 | D:13     | Noticed a centaur warrior
 10752 | D:13     | Noticed a five-headed hydra
 10859 | D:12     | Gained mutation: Your body often deteriorates upon taking damage. [mutagenic meat]
 10861 | D:12     | Gained mutation: You are dopey. (Int -2) [mutagenic meat]
 10862 | D:12     | Gained mutation: Armour fits poorly on your strangely shaped body. [mutagenic meat]
 10956 | D:12     | Lost mutation: You are clumsy. (Dex -2) [potion of mutation]
 10956 | D:12     | Lost mutation: Your system is resistant to poisons. (rPois) [potion of mutation]
 10956 | D:12     | Lost mutation: You are dopey. (Int -2) [potion of mutation]
 10956 | D:12     | Gained mutation: You have a pair of small horns on your head. [potion of mutation]
 10956 | D:12     | Gained mutation: You are somewhat resistant to further mutation. [potion of mutation]
 11160 | D:4      | Killed Goblin1989's ghost
 11165 | D:4      | Killed Edmund
 11183 | D:4      | Bought a blackened ring mail for 225 gold pieces
 11193 | D:4      | Identified the +4 ring mail "Wirides" {Slay+3} (You bought it in a shop on level 4 of the Dungeon)
 11499 | D:5      | Found a bloodstained altar of Trog.
 11932 | Orc:1    | Entered Level 1 of the Orcish Mines
 11951 | Orc:1    | Noticed an ettin
 11962 | Orc:1    | Killed an ettin
 12177 | Orc:1    | Found a flagged portal.
 12186 | Bailey   | Entered a bailey
 12393 | Bailey   | Got a transparent turquoise ring
 12398 | Bailey   | Identified the ring "Reoredikh" {rF+ Str-5 Int+4} (You found it in a bailey)
 12406 | Bailey   | Got a steaming crystal plate armour
 12430 | Bailey   | Identified the +2 crystal plate armour of Etoluf {Int+5 Dex+2 Stlth+} (You found it in a bailey)
 12440 | Bailey   | :(
 12573 | Orc:1    | Reached XP level 13. HP: 58/96 MP: 21/21
 12624 | Orc:1    | Reached skill level 16 in Maces & Flails
 12869 | Orc:2    | Entered Level 2 of the Orcish Mines
 12869 | Orc:2    | Found a staircase to the Elven Halls.
 13537 | Orc:2    | Found Dixtib's Magic Scroll Shoppe.
 13537 | Orc:2    | Found Kiessah's Magic Scroll Boutique.
 13565 | Orc:2    | Bought a scroll of magic mapping for 59 gold pieces
 13574 | Orc:2    | Bought a scroll of magic mapping for 49 gold pieces
 13699 | Orc:2    | Found a roughly hewn altar of Beogh.
 13812 | Orc:2    | Found Urozeu's Armour Boutique.
 13812 | Orc:2    | Found Xysox's Gadget Shoppe.
 13817 | Orc:2    | Bought a +1 pair of gloves of strength for 214 gold pieces
 13877 | Orc:2    | Bought a scroll of identify for 34 gold pieces
 13877 | Orc:2    | Bought a scroll of teleportation for 51 gold pieces
 13877 | Orc:2    | Bought a scroll of teleportation for 51 gold pieces
 13887 | Orc:2    | Bought a scroll of identify for 28 gold pieces
 13887 | Orc:2    | Bought a scroll of identify for 28 gold pieces
 13887 | Orc:2    | Bought a scroll of identify for 28 gold pieces
 14192 | D:9      | Found a staircase to the Lair.
 14205 | Lair:1   | Entered Level 1 of the Lair of Beasts
 14218 | Lair:1   | Reached skill level 17 in Maces & Flails
 14496 | Lair:1   | Got a flickering iron ring
 14498 | Lair:1   | Identified the ring of Xom's Whim {*Drain rF+ rN+ Str+5 Int+3} (You found it on level 1 of the Lair of Beasts)
 14859 | Lair:1   | Lost mutation: Armour fits poorly on your strangely shaped body. [potion of mutation]
 14859 | Lair:1   | Lost mutation: Your natural rate of healing is unusually fast. [potion of mutation]
 14859 | Lair:1   | Lost mutation: You are frail. (-10% HP) [potion of mutation]
 14859 | Lair:1   | Gained mutation: You are partially covered in thin metallic scales. (AC +2) [potion of mutation]
 16244 | Lair:4   | Found a hole to the Spider Nest.
 16579 | Lair:4   | Reached XP level 14. HP: 110/118 MP: 22/22
 16606 | Lair:4   | Learned a level 2 spell: Blink
 16829 | Lair:5   | Reached skill level 10 in Fighting
 17412 | Lair:6   | Entered Level 6 of the Lair of Beasts
 18392 | Lair:6   | Learned a level 2 spell: Passwall
 18398 | Lair:6   | Learned a level 5 spell: Lee's Rapid Deconstruction
 18406 | Lair:6   | Found a staircase to the Slime Pits.
 18770 | D:9      | Bought a pair of bloodstained boots for 275 gold pieces
 18770 | D:9      | Bought a scroll of teleportation for 87 gold pieces
 18770 | D:9      | Bought a scroll of teleportation for 87 gold pieces
 18770 | D:9      | Identified the +0 pair of boots "Wavudiha" {rElec Dex+4 Slay-3} (You bought it in a shop on level 9 of the Dungeon)
 18836 | D:10     | Bought a potion of heal wounds for 70 gold pieces
 18836 | D:10     | Bought 2 potions of curing for 84 gold pieces
 18836 | D:10     | Bought a potion of curing for 42 gold pieces
 18937 | Elf:1    | Entered Level 1 of the Elven Halls
 19108 | Elf:3    | Entered Level 3 of the Elven Halls
 19183 | Elf:3    | Reached skill level 10 in Dodging
 19289 | Elf:3    | Found Unogy's Magic Scroll Emporium.
 19299 | Elf:3    | Bought a scroll of acquirement for 832 gold pieces
 19448 | Elf:3    | Noticed a deep elf blademaster
 19449 | Elf:3    | Noticed a deep elf sorcerer
 19452 | Elf:3    | Killed a deep elf blademaster
 19462 | Elf:3    | Killed a deep elf sorcerer
 19559 | Elf:3    | Reached XP level 15. HP: 127/132 MP: 23/23
 19561 | Elf:3    | Noticed a deep elf blademaster
 19562 | Elf:3    | Killed a deep elf blademaster
 19655 | Elf:3    | Noticed a deep elf master archer
 19680 | Elf:3    | Killed a deep elf master archer
 19815 | Elf:3    | Reached skill level 18 in Maces & Flails
 19920 | Elf:3    | Noticed a deep elf master archer
 19934 | Elf:3    | Killed a deep elf master archer
 19997 | Elf:3    | Identified the cursed +1 great sword of the Ancients {drain, rElec rF- Str+3 Int+6} (You took it off a deep elf knight on level 3 of the Elven Halls)
 20421 | Elf:3    | Identified Cumeffept's Reference Book on the Volcanoes and Weightlessness
 20437 | Elf:3    | Identified the Catalogue of Summoning
 20560 | Elf:3    | Reached skill level 19 in Maces & Flails
 20944 | Spider:1 | Entered Level 1 of the Spider Nest
 21304 | Spider:1 | Reached XP level 16. HP: 119/139 MP: 24/24
 21352 | Spider:1 | Noticed Kirke
 21369 | Spider:1 | Killed Kirke
 21561 | Spider:3 | Reached skill level 20 in Maces & Flails
 21618 | Spider:4 | Entered Level 4 of the Spider Nest
 21666 | Spider:4 | Reached skill level 1 in Spellcasting
 21723 | Spider:4 | Identified the +6 arbalest of Gaac {elec, MR+ Stlth+} (You found it on level 4 of the Spider Nest)
 23472 | Spider:4 | Got a gossamer rune of Zot
 23607 | Spider:3 | Reached skill level 5 in Spellcasting
 23791 | Spider:3 | Learned a level 2 spell: Song of Slaying
 23795 | Spider:3 | Learned a level 3 spell: Regeneration
 23799 | Spider:3 | Learned a level 3 spell: Spectral Weapon
 24148 | Lair:2   | Found a staircase to the Swamp.
 24173 | Swamp:1  | Entered Level 1 of the Swamp
 24347 | Swamp:1  | Reached XP level 17. HP: 101/150 MP: 28/30
 24585 | Swamp:2  | Noticed Aizul
 25042 | Swamp:4  | Entered Level 4 of the Swamp
 25744 | Swamp:4  | Noticed the 27-headed Lernaean hydra
 25885 | Swamp:4  | Killed the 27-headed Lernaean hydra
 25976 | Swamp:4  | Got a decaying rune of Zot
 26363 | D:12     | Killed Gastronok
 26566 | D:13     | Killed Frances
 26705 | Vaults:1 | Entered Level 1 of the Vaults
 27134 | Vaults:1 | Found Etuus's Book Shoppe.
 27160 | Vaults:1 | Bought a book of Transfigurations for 990 gold pieces
 27167 | Vaults:1 | Learned a level 6 spell: Statue Form
 27249 | Vaults:1 | Reached skill level 1 in Transmutations
 27405 | Vaults:1 | Reached skill level 1 in Earth Magic
 27653 | Vaults:1 | Reached XP level 18. HP: 162/162 MP: 36/36
 27883 | Vaults:2 | Reached skill level 15 in Fighting
 27927 | Vaults:2 | Noticed Jorgrun
 27937 | Vaults:2 | Killed Jorgrun
 27945 | Vaults:2 | Got a brightly glowing ivory amulet
 27947 | Vaults:2 | Identified the amulet of Optimism {+Rage rPois rF+++ Str-5 Dex+2} (You acquired it on level 2 of the Vaults)
 28176 | Vaults:2 | You fall through a shaft!
 28596 | Vaults:3 | Identified Sif Muna's Volume of Venomous Attacks
 28869 | Vaults:3 | Reached skill level 5 in Transmutations
 28885 | Vaults:3 | Reached skill level 5 in Earth Magic
 30208 | Vaults:4 | Noticed Mennas
 30223 | Vaults:4 | Killed Mennas
 30223 | Vaults:4 | Reached skill level 10 in Spellcasting
 30249 | Vaults:4 | Reached XP level 19. HP: 100/170 MP: 38/38
 30549 | Vaults:4 | Got a twisted robe
 30566 | Vaults:4 | Identified the +1 robe of Eckoac {Int+3} (You found it on level 4 of the Vaults)
 30703 | Vaults:5 | Entered Level 5 of the Vaults
 30936 | Vaults:5 | HP: 1/170 [vault guard/bardiche of flaming (25)]
 30936 | Vaults:5 | Slain by a vault guard

Vault maps used:
D:1:      dpeg_arrival_tiny_f
D:2:      hex_tiny, minivault_11, st_stairs_12, trog_three_pillars_becter
D:3:      overflow_temple_1_default, first_bread, uniq_purgy, uniq_grinder,
          uniq_jessica, uniq_sigmund
D:4:      serial_shops, shop, kennysheep_little_box,
          nicolae_shop_window_shopping, nicolae_shop_behind_doors, uniq_edmund
D:5:      bloody_trog, temple_pool_b, vehumet_altar_wand_db
D:6:      grunt_gozag_statues
D:8:      hangedman_little_slice_of_home, uniq_maurice, uniq_psyche, uniq_grum
D:9:      kiku_gazebo_pond_becter, erik_lair_dragon, serial_shops,
          nicolae_shop_overgrown_old_shop, grunt_ministairs_11
D:10:     minmay_orc_entry_guard_dogs, serial_shops, kennysheep_mini
D:11:     serial_glass, glass_columns_c, glass_columns_a, xom_teletrap_fun
D:12:     st_stairs_13, uniq_harold, uniq_gastronok
D:13:     minmay_cut_squares, erik_vaults_2, spider_trap, uniq_frances
D:14:     corexii_corridor_pit, grunt_decor_resistance,
          nemelex_diamond_rough_becter
D:15:     grunt_enter_depths_magical_seal, serial_shops, shop_coins,
          minmay_misc_feat_secret_circle, basic_altar
Lair:1:   beast_lair_carwin_7
Lair:2:   minmay_swamp_entry_worms
Lair:4:   spider_nest_entry_web_field
Lair:6:   minmay_lair_end_frog_pond, minmay_slime_entry_pillars,
          lemuel_fruit_fields
Swamp:1:  serial_swamp_ruin, evilmike_swamp_ruin_house_5,
          evilmike_swamp_ruin_house_2, nicolae_swamp_very_dense_foliage
Swamp:2:  evilmike_swamp_ruin_house_4, uniq_aizul
Swamp:3:  evilmike_swamp_ruin_rubble_1
Swamp:4:  swamp_basic_johnstein
Spider:1: nicolae_spider_webs_and_nodes, uniq_kirke
Spider:2: spiders_nest_scorpion_pit, spider_trap, nicolae_spider_stair_cavern
Spider:4: spider_rune_water, hangedman_spider_mandibles
Orc:1:    enter_bailey_2, nicolae_orc_pool_cavern
Orc:2:    st_orc_town, mines2_lemuel
Elf:1:    minmay_elf_arrival_circle, hangedman_corner_corridor, minivault_5,
          grunt_ministairs_14
Elf:3:    elf_hall, serial_shops, nicolae_shop_temple_entry_statues_fountains,
          special_room, basic_stair_grate_trap
Vaults:1: ontoclasm_vaults_pinch, ontoclasm_vaults_ring_square,
          nicolae_vaults_know_your_exits, hangedman_vaults_nodes,
          grunt_vaults_bifocal, grunt_vaults_hallway_long, vaults_dpeg_ring,
          hangedman_vaults_river_flow, ontoclasm_vaults_tryst,
          vaults_mumra_chevron, vaults_room_pool, ontoclasm_vaults_gateway,
          nicolae_vaults_little_squares_3, serial_shops, shop
Vaults:2: grunt_vaults_funnel, v_misc_15,
          nicolae_vaults_windows_and_doors_thing, v_rooms_3,
          ontoclasm_vaults_claustrophobia, ontoclasm_vaults_idyll,
          nicolae_vaults_alarming, v_misc_25, v_pattern_1,
          nicolae_vaults_little_squares_1, vaults_room_fours, uniq_donald,
          uniq_jorgrun
Vaults:3: ontoclasm_vaults_ring_small, v_rooms_5, v_rooms_2,
          nicolae_vaults_network_quincunx, v_alt_pattern_3,
          vaults_room_glass_cross, blue_anna_dwarven_crypt, v_pattern_4,
          vaults_room_semicircle, v_misc_25, nicolae_vaults_little_squares_3,
          hangedman_vaults_locks, nicolae_vaults_bisected_slash,
          ontoclasm_vaults_eye, ontoclasm_vaults_decontamination,
          nicolae_vaults_ring_of_whatevers
Vaults:4: v_misc_27, nicolae_vaults_triangles,
          nicolae_vaults_stairing_the_circle, vaults_mumra_bighexcomb,
          vaults_room_pools, nicolae_vaults_specimen_jars,
          hangedman_vaults_cutoff, vaults_mumra_chevron_long, v_alt_pattern_1,
          vaults_room_pools, v_misc_14, vaults_standard_mumra_enter_the_diamond,
          grunt_vaults_focal, dpeg_vaults_monster_box, uniq_mennas
Bailey:   bailey_polearm_1, bailey

Skill      XL: |  1  2  3  4  5  6  7  8  9 10 11 12 13 14 15 16 17 18 19 |
---------------+----------------------------------------------------------+-----
Staves         | 3 |  3.1
Fighting       | 2 3 4 5 7 8 9 12 13 14 15 | 15.0
Dodging        | 3 4 5 7 10 11 12 | 12.1
Armour         | 1 5 6 7 |  7.0
Evocations     | 4 6 |  6.0
Maces & Flails | 5 10 13 15 17 19 20 | 20.0
Spellcasting   | 5 9 10 | 10.2
Transmutations | 2 8 9 |  9.0
Earth Magic    | 2 7 8 |  8.6
Throwing       | |  1.7

Action                   |  1- 3 |  4- 6 |  7- 9 | 10-12 | 13-15 | 16-18 | 19-21 || total
-------------------------+-------+-------+-------+-------+-------+-------+-------++-------
Melee: Quarterstaff      |    47 |   163 |   135 |       |       |       |       ||   345
       Flail             |       |       |   277 |  1386 |  1045 |       |       ||  2708
       Headbutt          |       |       |       |    41 |   309 |   368 |    22 ||   740
       Great mace        |       |       |       |       |   259 |  1441 |    85 ||  1785
Throw: Throwing net      |       |     3 |     2 |     1 |     1 |       |       ||     7
 Cast: Statue Form       |       |       |       |       |       |     1 |       ||     1
 Abil: End Transformatio |       |       |       |       |       |       |     1 ||     1
Evoke: Wand              |       |       |    13 |    45 |    18 |     9 |       ||    85
       Fan of gales      |       |       |       |       |       |     1 |       ||     1
  Use: Potion            |     2 |     2 |     1 |     3 |     4 |    12 |       ||    24
       Scroll            |       |     6 |     8 |     9 |    34 |    18 |     2 ||    77
 Stab: Held in net/web   |       |     1 |     1 |     1 |     1 |       |       ||     4
       Paralysed         |       |       |    10 |    61 |       |     2 |       ||    73
  Eat: Chunk             |       |     4 |    11 |    34 |    14 |    12 |     2 ||    77
       Fruit             |       |       |     3 |     2 |     2 |       |       ||     7
       Royal jelly       |       |       |     1 |     1 |     9 |     7 |     3 ||    21
       Bread ration      |       |       |     1 |       |       |       |       ||     1
       Meat ration       |       |       |       |     1 |       |       |       ||     1
Armor: Ring mail         |    28 |    63 |   178 |   165 |   322 |   532 |    15 ||  1303
       Scale mail        |       |       |       |   135 |       |       |       ||   135
       Troll leather arm |       |       |       |   277 |     1 |       |       ||   278
       Skin              |       |       |       |       |       |    16 |       ||    16
       Robe              |       |       |       |       |       |       |     3 ||     3
Dodge: Dodged            |    47 |   137 |   363 |   982 |   633 |  1137 |    60 ||  3359
